 Dungeon Crawl Stone Soup version 0.31-a0-845-g9abc20d24f (webtiles) character file.

Game seed: 2059515088522620319

443 dialectric the Cudgeller (level 6, -4/55 HPs)
             Began as a Minotaur Fighter on Oct 2, 2023.
             Was a Follower of Qazlal.
             Slain by an iguana (10 damage)
             ... on level 3 of the Dungeon.
             The game lasted 00:03:46 (2302 turns).

dialectric the Cudgeller (Minotaur Fighter)         Turns: 2302, Time: 00:03:47

Health: -4/55      AC:  9    Str: 23    XL:     6   Next: 71%
Magic:  5/5        EV:  9    Int:  5    God:    Qazlal [*.....]
Gold:   175        SH:  2    Dex: 15    Spells: 5/5 levels left

rFire   . . .        u - +2 flail (holy)
rCold   . . .        (no shield)
rNeg    . . .        m - +0 chain mail
rPois   .            (helmet restricted)
rElec   .            (no cloak)
rCorr   .            (no gloves)
SInv    .            (no boots)
Will    +....        (no amulet) Stlth
                     p - +6 ring of dexterity
HPRegen 0.29/turn    d - ring of willpower
MPRegen 0.09/turn

%: no passive effects
@: lethally poisoned (-4 -> -7)
A: horns 2, retaliatory headbutt
a: Renounce Religion


You were on level 3 of the Dungeon.
You worshipped Qazlal.
Qazlal was aware of your devotion.
You visited 1 branch of the dungeon, and saw 4 of its levels.

You collected 175 gold pieces.

Inventory:

Hand Weapons
 a - a +0 flail
 u - a +2 flail of holy wrath (weapon)
Missiles
 r - 5 silver javelins
Armour
 b - a +0 scale mail
 c - a +0 buckler
 m - a +0 chain mail (worn)
Jewellery
 d - a ring of willpower (right hand)
 p - a +6 ring of dexterity (left hand)
Talismans
 v - a blade talisman
Scrolls
 h - a scroll of noise {unknown}
 i - a scroll of blinking {unknown}
 j - a scroll of vulnerability
 o - a scroll of fear {unknown}
 q - a scroll of poison {unknown}
 t - a scroll of torment {unknown}
Potions
 e - a potion of enlightenment {unknown}
 g - a potion of lignification
 l - 2 potions of invisibility {unknown}
 n - 2 potions of degeneration {unknown}
 s - 2 potions of heal wounds


   Skills:
 + Level 4.8 Fighting
 + Level 5.8 Maces & Flails
 + Level 5.3 Armour
 * Level 2.6 Dodging
 - Level 4.2 Shields


You had 5 spell levels left.
You didn't know any spells.
Your spell library contained the following spells:

 Spells                   Type           Power      Damage    Failure   Level
 Slow                     Hex            0%         N/A       96%         1
 Confusing Touch          Hex            0%         N/A       100%        3
 Sigil of Binding         Hex            0%         N/A       100%        3
 Vampiric Draining        Necr           0%         2d6       100%        3
 Volatile Blastmotes      Fire/Tloc      0%         2d10      100%        3
 Fulminant Prism          Conj/Hex       0%         3d5       100%        4
 Iskenderun's Mystic Bla  Conj/Tloc      0%         2d3       100%        4


Dungeon Overview and Level Annotations

Branches:
Dungeon (4/15)             Temple (0/1) D:4

Altars:
Qazlal
Zin

Portals:
Abyss: D:3

Annotations:
D:3 2 transporters, Kurtz's ghost, amateur OpFi


Innate Abilities, Weirdness & Mutations

You have a pair of horns on your head.
You reflexively headbutt those who attack you in melee.


Message History

You are too injured to fight recklessly!
You hit the phantom but do no damage. You headbutt the phantom.
The phantom is heavily damaged.
The phantom hits you.
The phantom blinks!
You blink.
The phantom hits you.
The phantom blinks!
You blink.
The phantom hits you but does no damage.
You barely miss the phantom.
The phantom is heavily damaged.
The phantom hits you but does no damage.
You hit the phantom.
The phantom convulses.
The phantom is severely damaged.
The phantom hits you but does no damage.
You barely miss the phantom.
The phantom is severely damaged.
The phantom hits you.
You thump the phantom!
You destroy the phantom!
Qazlal accepts your kill.
You see here an adder skeleton.
There is a stone staircase leading down here.
You climb downwards.
You hear the sound of rushing water.
There is an entrance to a sewer on this level.
Hurry and find it before the portal rusts away!
There is a stone staircase leading up here.
The iguana completely misses you.
The kobold hits you with a +2 short sword of venom.
You are poisoned.
You climb upwards.
Level annotation: 2 transporters, Kurtz's ghost, amateur OpFi You feel very sick.
There is a stone staircase leading down here.
You are too injured to fight recklessly!
You are too injured to fight recklessly!
You hit the kobold.
You kill the kobold!
Qazlal accepts your kill.
You feel sick. The iguana bites you!
* * * LOW HITPOINT WARNING * * *
You barely miss the iguana.
You feel sick. The iguana bites you!
You die...

###..............#.#..#.#.#.#.#
. #..............#.#..#.#.#.#.#
#.##.............#.#..#.....#.#
#5#©............#.#..###...#.#
#.##...###+#.....#.#........#.#
###....##......).#.#.#####..#.#
.......##......#.#..........#.#
.......##......l)###.#####.##.#
##########'#####@###..........#
#.# ####..⌠..########
#.#######.............#
#..............######.#
##############.# #.# #.# #.#
#.# #.# #.# #.# #.# #.#


You could see an iguana.

Vanquished Creatures
  A phantom (D:3)
  An orc priest (D:3)
  2 gnoll boudas
  Jessica (D:3)
  12 gnolls
  2 adders
  A white imp (D:4)
  An ufetubus (D:3)
  2 worms
  2 dart slugs
  5 orcs (D:3)
  7 endoplasms
  5 giant cockroaches
  4 goblins
  9 hobgoblins
  15 jackals
  2 quokkas
  6 ball pythons
  9 bats
  4 frilled lizards
  7 kobolds
  4 rats
102 creatures vanquished.

Notes
Turn   | Place    | Note
-------+----------+-------------------------------------------
     0 | D:1      | dialectric the Minotaur Fighter began the quest for the
                  | Orb.
     0 | D:1      | Reached XP level 1. HP: 19/19 MP: 0/0
    75 | D:1      | Reached XP level 2. HP: 8/27 MP: 1/1
   345 | D:1      | Reached XP level 3. HP: 27/33 MP: 2/2
  1006 | D:2      | Reached XP level 4. HP: 40/40 MP: 3/3
  1047 | D:2      | Found a faded altar of an unknown god.
  1279 | D:3      | Found a transporter.
  1288 | D:3      | Found a one-way gate to the infinite horrors of the Abyss.
  1288 | D:3      | Noticed Kurtz's ghost (amateur OpFi)
  1317 | D:3      | Found a stormy altar of Qazlal.
  1322 | D:3      | Became a worshipper of Qazlal Stormbringer
  1363 | D:3      | Reached skill level 1 in Dodging
  1371 | D:3      | Reached XP level 5. HP: 19/47 MP: 4/4
  1571 | D:3      | Noticed Jessica
  1587 | D:3      | Killed Jessica
  1587 | D:3      | Reached * piety under Qazlal
  1649 | D:3      | Reached skill level 5 in Maces & Flails
  1655 | D:3      | Found a transporter.
  1830 | D:3      | Reached XP level 6. HP: 28/53 MP: 5/5
  2085 | D:4      | Reached skill level 5 in Armour
  2200 | D:4      | Found a staircase to the Ecumenical Temple.
  2225 | D:4      | Found a glowing silver altar of Zin.
  2302 | D:3      | Slain by an iguana

Illustrated notes

Levels and vault maps discovered:
D:1:      minmay_arrival_three_doors, layout_rooms
D:2:      layout_rooms, shapermc_ecumenical_altar_acropolis,
          guppyfry_early_lair_pool
D:3:      layout_basic, grunt_qazlal_sundering, gammafunk_ghost_abyssal_escape,
          hangedman_feature_mirror, uniq_jessica
D:4:      layout_rooms, zin_statuary, mainiacjoe_overflow_swirl,
          minmay_temple_entry_glassed_door, portal_sewer_entry_f

Skill      XL: |  1  2  3  4  5  6 |
---------------+-------------------+-----
Shields        | 4 |  4.2
Fighting       | 4 |  4.8
Maces & Flails | 3 4 5 |  5.8
Armour         | 4 5 |  5.3
Dodging        | 1 2 |  2.6

Action                     |  1- 3 |  4- 6 || total
---------------------------+-------+-------++-------
  Melee: Flail             |    98 |    96 ||   194
         Headbutt          |    10 |    15 ||    25
         Punch             |       |     2 ||     2
    Use: Potion            |       |     1 ||     1
         Scroll            |       |     5 ||     5
 Armour: Scale mail        |    77 |       ||    77
         Chain mail        |     3 |   111 ||   114
  Dodge: Dodged            |    73 |    67 ||   140
  Block: Other             |       |     4 ||     4

Table legend: (Time is in decaauts)
 A = Elapsed time spent in this place.
 B = Non-inter-level travel time spent in this place.
 C = Inter-level travel time spent in this place.
 D = Time resting spent in this place.
 E = Time spent auto-exploring this place.
 F = Levels seen in this place.
 G = Mean time per level.
                   A        B        C        D        E       F      G
               +--------+--------+--------+--------+--------+-----+--------+
         Total |   2343 |   2285 |     58 |      0 |   1580 |   4 |  585.8 |
       Dungeon |   2343 |   2285 |     58 |      0 |   1580 |   4 |  585.8 |
               +--------+--------+--------+--------+--------+-----+--------+

Top non-repeatable levels by time:
     D:3: 997 daAuts
     D:1: 668 daAuts
     D:2: 476 daAuts
     D:4: 201 daAuts
